 Dungeon Crawl Stone Soup version 0.31.0-12-g77e489cdc1 (webtiles) character file.

Game seed: 2185443800420600456

523 ChrisAssaf the Apothecary (level 7, -1/49 HPs)
             Began as a Human Alchemist on Feb 17, 2024.
             Was an Initiate of Nemelex Xobeh.
             Slain by a phantom (5 damage)
             ... on level 6 of the Dungeon on Feb 18, 2024.
             The game lasted 00:10:33 (3080 turns).

ChrisAssaf the Apothecary (Human Alchemist)         Turns: 3080, Time: 00:10:33

Health: -1/49      AC:  2    Str: 10    XL:     7   Next: 22%
Magic:  9/11       EV: 12    Int: 16    God:    Nemelex Xobeh [......]
Gold:   161        SH:  0    Dex: 13    Spells: 2/12 levels left

rFire   + . .        f - +1 rapier (venom)
rCold   . . .        (no shield)
rNeg    . . .        a - +0 robe
rPois   .            (no helmet)
rElec   .            (no cloak)
rCorr   .            (no gloves)
SInv    .            (no boots)
Will    .....        (no amulet)
Stlth   ++           g - ring of protection from fire
HPRegen 0.28/turn    (no ring)
MPRegen 0.12/turn

%: no passive effects
@: no status effects
A: explore regen
a: Renounce Religion, Draw Escape, Draw Destruction, Draw Summoning


You were on level 6 of the Dungeon.
You worshipped Nemelex Xobeh.
Nemelex Xobeh was noncommittal.
You visited 2 branches of the dungeon, and saw 7 of its levels.

You collected 161 gold pieces.

Inventory:

Hand Weapons
 c - a +0 sling
 f - a +1 rapier of venom (weapon)
Armour
 a - a +0 robe (worn)
Jewellery
 g - a ring of protection from fire (left hand)
Talismans
 b - a maw talisman
Wands
 h - a wand of mindburst (9)
 k - a wand of roots (5)
Scrolls
 e - 2 scrolls of noise
 i - a scroll of immolation
Potions
 d - 2 potions of heal wounds
 j - 2 potions of haste
 l - a potion of might {unknown}
 m - a potion of attraction {unknown}
 n - a potion of mutation {unknown}
 o - a potion of curing {unknown}


   Skills:
 * Level 1.7 Fighting
 * Level 1.6 Short Blades
 - Level 1.0 Ranged Weapons
 * Level 1.4 Armour
 * Level 2.9 Dodging
 * Level 2.9 Stealth
 + Level 0.4 Unarmed Combat
 * Level 3.3 Spellcasting
 * Level 2.1 Conjurations
 * Level 1.7 Air Magic
 * Level 3.8 Alchemy
 * Level 0.2 Invocations
 * Level 1.2 Evocations
 * Level 1.5 Shapeshifting


You had 2 spell levels left.
You knew the following spells:

 Your Spells              Type           Power      Damage    Failure   Level
a - Sting                 Conj/Alch      48%        1d6       5%          1
b - Mercury Vapours       Alch/Air       22%        N/A       9%          2
c - Mephitic Cloud        Conj/Alch/Air  10%        N/A       19%         3
d - Olgreb's Toxic Radia  Alch           14%        N/A       36%         4

Your spell library contained the following spells:

 Spells                   Type           Power      Damage    Failure   Level
 Sticky Flame             Fire/Alch      8%         2d4       63%         4


Dungeon Overview and Level Annotations

Branches:
Dungeon (6/15)             Temple (1/1) D:6

Altars:
Ashenzari
Cheibriados
Dithmenos
Elyvilon
Fedhas
Gozag
Hepliaklqana
Makhleb
Nemelex Xobeh
Okawaru
Qazlal
Ru
Sif Muna
Uskayaw
Vehumet
Wu Jian
Xom
Zin


Innate Abilities, Weirdness & Mutations

You regain HP and MP as you explore.


Message History

You closely miss the bullfrog.
The bullfrog is almost dead.
The bullfrog barely misses you.
The phantom hits you but does no damage.
You barely miss the bullfrog.
The bullfrog is almost dead.
The bullfrog barely misses you.
The bullfrog hits you but does no damage.
The phantom hits you but does no damage.
You hit the bullfrog.
You kill the bullfrog!
The phantom completely misses you.
You cannot move.
You barely miss the phantom.
The phantom is lightly damaged.
The phantom hits you but does no damage.
You miss the phantom.
The phantom is lightly damaged.
The phantom hits you but does no damage.
You hit the phantom.
The phantom is moderately damaged.
The phantom barely misses you.
The phantom hits you but does no damage.
You miss the phantom.
The phantom is moderately damaged.
The phantom hits you but does no damage.
You barely miss the phantom.
The phantom is moderately damaged.
The phantom hits you but does no damage.
You hit the phantom.
The phantom is heavily damaged.
You feel less wooden.
Your +0 robe unmelds from your body.
The phantom hits you.
* * * LOW HITPOINT WARNING * * *
The phantom blinks!
You blink.
You hit the phantom but do no damage.
The phantom is moderately damaged.
The phantom hits you.
You die...
Your body disappears without a glow.

..........#
#..#.....#..####
##..##.....##....#
...##..#.#..##...######.#.
>.##..##.##..##...........
.....##...##....#########.
........>..§§†..#
.....##...##....###########
..##..##.##..##W@.!........
...##..#.#..##...##########
##..##.....##....#
#..#.....#..####
#.........# .....#### #
###.. ...


You could see a phantom.

Vanquished Creatures
  A bullfrog (D:6)
  2 scorpions
  A howler monkey (D:5)
  A bombardier beetle (D:4)
  2 orc priests
  A sleepcap (D:5)
  3 orc wizards (D:5)
  Robin (D:2)
  4 adders
  A dart slug (D:4)
  2 ribbon worms
  11 orcs
  2 endoplasms
  A giant cockroach (D:1)
  11 goblins
  5 hobgoblins
  4 kobolds
  A quokka (D:1)
  3 ball pythons
  2 bats
  4 frilled lizards
  3 rats
66 creatures vanquished.

Notes
Turn   | Place    | Note
-------+----------+-------------------------------------------
     0 | D:1      | ChrisAssaf the Human Alchemist began the quest for the Orb.
     0 | D:1      | Reached XP level 1. HP: 13/13 MP: 3/3
   198 | D:1      | Reached XP level 2. HP: 19/19 MP: 0/5
   201 | D:1      | Learned a level 2 spell: Mercury Vapours
   562 | D:2      | Noticed Robin
   582 | D:2      | Killed Robin
   583 | D:2      | Reached XP level 3. HP: 23/25 MP: 2/6
   607 | D:2      | Learned a level 3 spell: Mephitic Cloud
   751 | D:3      | Reached XP level 4. HP: 31/31 MP: 0/7
   766 | D:3      | Reached skill level 1 in Ranged Weapons
  1208 | D:4      | Reached skill level 1 in Air Magic
  1795 | D:4      | Reached XP level 5. HP: 36/36 MP: 6/9
  1896 | D:4      | Reached skill level 1 in Fighting
  1896 | D:4      | Reached skill level 1 in Shapeshifting
  2029 | D:5      | Entered Level 5 of the Dungeon
  2085 | D:5      | Found a hide-covered altar of Uskayaw.
  2280 | D:5      | Learned a level 4 spell: Olgreb's Toxic Radiance
  2299 | D:5      | Reached skill level 1 in Short Blades
  2299 | D:5      | Reached skill level 1 in Armour
  2299 | D:5      | Reached XP level 6. HP: 29/43 MP: 0/10
  2393 | D:5      | Reached skill level 1 in Evocations
  2578 | D:5      | Reached XP level 7. HP: 42/48 MP: 11/11
  2852 | D:6      | Found a staircase to the Ecumenical Temple.
  2873 | Temple   | Entered the Ecumenical Temple
  2968 | Temple   | Became a worshipper of Nemelex Xobeh the Trickster
  3080 | D:6      | Slain by a phantom

Illustrated notes

Levels and vault maps discovered:
D:1:      dpeg_arrival_round_a, layout_basic
D:2:      layout_basic, serial_rivers, chequers_serial_rivers_marsh,
          chequers_serial_rivers_large_a, chequers_serial_rivers_room_b,
          chequers_serial_rivers_micro_e, chequers_serial_rivers_micro_b,
          chequers_serial_rivers_small_a, serial_bayou_crossing, uniq_natasha,
          uniq_robin
D:3:      layout_loops_cross, serial_shops, shop, minmay_unequal,
          uniq_crazy_yiuf_cottage
D:4:      layout_layer_cave
D:5:      layout_basic, nicolae_uskayaw_murder_on_the_dancefloor, dk_vineyard_1
D:6:      layout_basic, trog_three_pillars_becter, minmay_temple_entry_waves,
          minmay_misc_feat_doors
Temple:   minmay_crystal_spiral_temple

Skill      XL: |  1  2  3  4  5  6 |
---------------+-------------------+-----
Ranged Weapons | 1 |  1.0
Air Magic      | 1 |  1.7
Fighting       | 1 |  1.7
Shapeshifting  | 1 |  1.5
Spellcasting   | 3 |  3.3
Short Blades   | 1 |  1.6
Armour         | 1 |  1.4
Conjurations   | 2 |  2.1
Evocations     | 1 |  1.2
Dodging        | |  2.9
Stealth        | |  2.9
Unarmed Combat | |  0.4
Alchemy        | |  3.8
Invocations    | |  0.2

Action                     |  1- 3 |  4- 6 |  7- 9 || total
---------------------------+-------+-------+-------++-------
  Melee: Unarmed           |    25 |       |       ||    25
         Rapier            |       |    41 |    27 ||    68
         Punch             |       |     1 |       ||     1
   Fire: Sling             |    15 |    22 |       ||    37
   Cast: Sting             |    28 |     8 |       ||    36
         Mercury Vapours   |     6 |     6 |       ||    12
         Mephitic Cloud    |     1 |       |       ||     1
         Olgreb's Toxic Ra |       |     2 |     1 ||     3
  Evoke: Wand              |       |     4 |     1 ||     5
    Use: Potion            |     2 |     2 |     1 ||     5
         Scroll            |     2 |     6 |     1 ||     9
   Stab: Sleeping          |       |     4 |       ||     4
 Armour: Robe              |    25 |    44 |    15 ||    84
         Skin              |    79 |       |    29 ||   108
  Dodge: Dodged            |    48 |    38 |    20 ||   106
